 Dungeon Crawl Stone Soup version 0.29-a0-892-g2c4c91d9db (webtiles) character file.

Game seed: 16992378133421963831

170 jimonade the Shooter (level 5, -1/39 HPs)
             Began as a Formicid Hunter on July 23, 2022.
             Slain by a black bear (2 damage)
             ... on level 3 of the Dungeon.
             The game lasted 00:04:53 (2640 turns).

jimonade the Shooter (Formicid Hunter)              Turns: 2640, Time: 00:04:54

Health: -1/39      AC:  3    Str: 15    XL:     5   Next: 80%
Magic:  7/7        EV: 12    Int: 11    God:
Gold:   202        SH:  5    Dex: 17    Spells: 7/7 levels left

rFire   . . .      SeeInvis +   w - +1 short sword (venom)
rCold   . . .      Faith    .   (no shield)
rNeg    . . .      Spirit   .   c - +0 leather armour
rPois   .          Reflect  +   (helmet unavailable)
rElec   .          Harm     .   (no cloak)
rCorr   .          Rampage  .   (no gloves)
Will    .....                   (no boots)
Stlth   ++........              x - amulet of reflection
HPRegen 0.13/turn               (no ring)
MPRegen 0.10/turn               (no ring)

@: no status effects
A: permanent stasis, dig shafts and tunnels, antennae 3, four strong arms
a: Dig, Shaft Self


You were on level 3 of the Dungeon.
You visited 1 branch of the dungeon, and saw 4 of its levels.

You collected 202 gold pieces.

Inventory:

Hand Weapons
 a - a +0 shortbow
 w - a +1 short sword of venom (weapon)
 y - a +2 antimagic whip
Missiles
 h - 4 boomerangs
 q - 3 curare-tipped darts
 r - 11 poisoned darts
Armour
 c - a +0 leather armour (worn)
 B - a +0 ring mail
Magical Staves
 s - a staff of poison
 A - a staff of fire
Jewellery
 x - an amulet of reflection (around neck)
Wands
 u - a wand of charming (12)
Scrolls
 b - a scroll of immolation
 d - a scroll of fog {unknown}
 j - a scroll of magic mapping {unknown}
 k - a scroll of teleportation {unknown}
 m - 5 scrolls of identify {unknown}
 n - 3 scrolls of enchant weapon {unknown}
 p - a scroll of brand weapon {unknown}
 v - a scroll of silence {unknown}
Potions
 e - 2 potions of haste
 f - 2 potions of attraction {unknown}
 g - a potion of cancellation {unknown}
 i - 3 potions of curing {unknown}
 l - a potion of mutation {unknown}
 o - 2 potions of degeneration {unknown}
 t - a potion of resistance {unknown}
 z - a potion of heal wounds {unknown}


   Skills:
 + Level 2.6 Fighting
 + Level 5.7 Ranged Weapons
 + Level 1.2 Armour
 + Level 2.1 Dodging
 - Level 1.2 Stealth
 * Level 1.5 Spellcasting


You had 7 spell levels left.
You didn't know any spells.
Your spell library was empty.

Dungeon Overview and Level Annotations

Branches:
Dungeon (4/15)
 Temple: D:4-7

Altars:
The Shining One

Annotations:
D:1 1 transporter


Innate Abilities, Weirdness & Mutations

You cannot be hasted, slowed, berserked, paralysed or teleported.
You can dig through walls and to a lower floor.
You have a pair of large antennae on your head. (SInv)
Your four strong arms can wield two-handed weapons with a shield.


Message History

The arrow hits the black bear but does no damage.
The black bear growls angrily.
The endoplasm quivers.
You hear a shout!
A gnoll comes into view. It is wielding a +0 spear.
Your +1 short sword of venom begins to drip with poison!
w - a +1 short sword of venom (weapon)
The black bear bites you! The black bear claws you. x2
You climb upwards.
There is a stone staircase leading down here.
You hit the black bear.
The black bear is poisoned.
The black bear is lightly wounded.
The black bear bites you! The black bear closely misses you.
The black bear claws you.
You hit the black bear but do no damage.
The black bear is moderately wounded.
The black bear bites you. The black bear claws you.
* * * LOW HITPOINT WARNING * * *
The black bear closely misses you. The black bear bites you.
* * * LOW HITPOINT WARNING * * *
The black bear claws you.
* * * LOW HITPOINT WARNING * * *
The black bear barely misses you.
Unknown command.
Unknown command.
You hit the black bear.
The black bear looks as sick as possible!
The black bear is heavily wounded.
The black bear barely misses you. x2; The black bear claws you.
* * * LOW HITPOINT WARNING * * *
It was a potion of haste.
Your stasis prevents you from being hasted.
The black bear closely misses you. You block the black bear's attack.
The black bear misses you.
You barely miss the black bear.
The black bear is heavily wounded.
The black bear bites you.
* * * LOW HITPOINT WARNING * * *
The black bear claws you.
You die...

###.### ##..........# ### #.#
####.##.##.# #
####.#############.#..##.# #
##....[..##...............# #
#...)..#.##.......#.#.###.# ####
#......#.##.......#..## #####.#.
#...##.#.##..........#####.#..#.
#....#.#.##....h..#####.#...#...
#........##....@..รท.......#...#.
#.##.#.####......######.#...#...
#......# ######## #..####.#..#.
####.#### ########.....####.#.
#.......# #......#..#.##.#####
#.##.##.# #.####.#.......# #
#.##.##.#####.####.#..####.#
#.##.............#.#.......#
#.##....#####.##......#..[.#


You could see a black bear (extremely poisoned).

Vanquished Creatures
  An orc priest (D:3)
  2 orc wizards (D:3)
  An adder (D:2)
  3 worms
  4 dart slugs (D:3)
  9 orcs (D:3)
  5 bats
  5 endoplasms
  6 goblins
  2 hobgoblins (D:2)
  5 kobolds
  3 quokkas
  2 ball pythons
  5 frilled lizards
  2 rats
55 creatures vanquished.

Notes
Turn   | Place    | Note
-------+----------+-------------------------------------------
     0 | D:1      | jimonade the Formicid Hunter began the quest for the Orb.
     0 | D:1      | Reached XP level 1. HP: 16/16 MP: 1/1
    89 | D:1      | Reached XP level 2. HP: 22/22 MP: 2/2
   786 | D:2      | Reached XP level 3. HP: 28/28 MP: 3/3
  1515 | D:2      | Reached skill level 5 in Ranged Weapons
  1725 | D:3      | Reached XP level 4. HP: 34/34 MP: 4/4
  1743 | D:3      | Found a glowing golden altar of the Shining One.
  1905 | D:3      | Reached skill level 1 in Spellcasting
  2177 | D:3      | Reached XP level 5. HP: 37/39 MP: 6/6
  2342 | D:3      | Reached skill level 1 in Armour
  2630 | D:4      | Noticed a black bear
  2638 | D:3      | HP: 1/39 [black bear (1)]
  2640 | D:3      | Slain by a black bear

Illustrated notes

Levels and vault maps discovered:
D:1:      spicycebolla_arrival_risky_transporter, layout_rooms
D:2:      layout_basic
D:3:      minmay_spotlight, layout_loops_cross, tso_oasis_becter
D:4:      lemuel_castle_with_subvaults [lemuel_castle_interior_carwin_2],
          layout_basic, kennysheep_mini,
          mainiacjoe_overflow_concentric_impassable, grunt_gozag_breadcrumbs,
          serial_shops, shop_fountains, uniq_sigmund

Skill      XL: |  1  2  3  4  5 |
---------------+----------------+-----
Dodging        | 2 |  2.1
Ranged Weapons | 5 |  5.7
Spellcasting   | 1 |  1.5
Armour         | 1 |  1.2
Fighting       | |  2.6
Stealth        | |  1.2

Action                   |  1- 3 |  4- 6 || total
-------------------------+-------+-------++-------
Melee: Short sword       |       |     4 ||     4
 Fire: Shortbow          |    99 |    60 ||   159
 Abil: Dig               |     6 |       ||     6
  Use: Potion            |       |     1 ||     1
Armor: Leather armour    |    14 |     2 ||    16
Dodge: Dodged            |    26 |    12 ||    38
Block: Other             |       |     2 ||     2

Table legend: (Time is in decaauts)
 A = Elapsed time spent in this place.
 B = Non-inter-level travel time spent in this place.
 C = Inter-level travel time spent in this place.
 D = Time resting spent in this place.
 E = Time spent auto-exploring this place.
 F = Levels seen in this place.
 G = Mean time per level.
                   A        B        C        D        E       F      G
               +--------+--------+--------+--------+--------+-----+--------+
         Total |   2684 |   2551 |    133 |    478 |   1642 |   4 |  671.0 |
       Dungeon |   2684 |   2551 |    133 |    478 |   1642 |   4 |  671.0 |
               +--------+--------+--------+--------+--------+-----+--------+

Top non-repeatable levels by time:
     D:2: 1266 daAuts
     D:3: 1020 daAuts
     D:1: 393 daAuts
     D:4: 4 daAuts
